 Dungeon Crawl Stone Soup version 0.26-a0-845-gfacbca91cf (webtiles) character file.

Game seed: 1650058021904433442

7 Amon the Covert (level 2, -4/29 HPs)
             Began as a Gnoll Delver on Nov 19, 2020.
             Killed by divine providence
             ... invoked by an orc priest
              (11 damage)
             ... on level 5 of the Dungeon.
             The game lasted 00:01:23 (92 turns).

Amon the Covert (Gnoll Delver)                        Turns: 92, Time: 00:01:23

Health: -4/29      AC:  5    Str: 14    XL:     2   Next: 4%
Magic:  2/2        EV: 12    Int: 12    God:
Gold:   15         SH:  0    Dex: 16    Spells: 1/1 levels left

rFire    x . .     SeeInvis +   a - +0 falchion
rCold    . . .     Faith    .   (no shield)
rNeg     . . .     Spirit   .   h - +0 ring mail
rPois    .         Reflect  +   (no helmet)
rElec    .         Harm     .   (no cloak)
rCorr    .         Rampage  .   (no gloves)
MR       .....                  (no boots)
Stlth    +.........             b - amulet "Qaomurahu" {Reflect rF- MR- SH+5 SInv Stlth+}
HPRegen  0.09/turn              (no ring)
MPRegen  0.08/turn              (no ring)

@: confused, drained, very slow
A: distributed training, fangs 1, strong nose
a: no special abilities


You were on level 5 of the Dungeon.
You visited 1 branch of the dungeon, and saw 1 of its levels.

You collected 15 gold pieces.

Inventory:

Hand Weapons
 a - a +0 falchion (weapon)
Armour
 h - a +0 ring mail (worn)
Jewellery
 b - the amulet "Qaomurahu" (around neck) {Reflect rF- MR- SH+5 SInv Stlth+}
   (You found it on level 5 of the Dungeon)

   [amulet of reflection]

   It shields you and reflects attacks.
   It makes you vulnerable to fire.
   It affects your resistance to hostile enchantments.
   It lets you see invisible.
   It affects your SH (+5).
   It makes you more stealthy.
Wands
 g - a wand of digging (3)
Scrolls
 c - a scroll of fog
 e - 2 scrolls of fear
Potions
 f - a potion of haste


   Skills:
 + Level 6.4(5.4) Fighting
 + Level 0.2(0.0) Short Blades
 + Level 4.4(3.5) Long Blades
 + Level 0.2(0.0) Axes
 + Level 0.2(0.0) Maces & Flails
 + Level 0.2(0.0) Polearms
 + Level 0.2(0.0) Staves
 + Level 0.2(0.0) Slings
 + Level 0.2(0.0) Bows
 + Level 0.2(0.0) Crossbows
 + Level 0.2(0.0) Throwing
 + Level 0.2(0.0) Armour
 + Level 4.4(3.5) Dodging
 + Level 9.5(8.4) Stealth
 + Level 0.2(0.0) Shields
 + Level 0.2(0.0) Unarmed Combat
 + Level 0.2(0.0) Spellcasting
 + Level 0.1(0.0) Conjurations
 + Level 0.1(0.0) Hexes
 + Level 0.1(0.0) Summonings
 + Level 0.1(0.0) Necromancy
 + Level 0.1(0.0) Translocations
 + Level 0.1(0.0) Transmutations
 + Level 0.1(0.0) Fire Magic
 + Level 0.1(0.0) Ice Magic
 + Level 0.1(0.0) Air Magic
 + Level 0.1(0.0) Earth Magic
 + Level 0.1(0.0) Poison Magic
 + Level 0.3(0.0) Invocations
 + Level 0.2(0.0) Evocations


You had one spell level left.
You didn't know any spells.
Your spell library was empty.

Dungeon Overview and Level Annotations

Branches:
Dungeon (5/15)
 Temple: D:4-7

Altars:


Innate Abilities, Weirdness & Mutations

Your experience applies equally to all skills.
You have very sharp teeth.
Your uncanny sense of smell can sniff out nearby items.


Message History

You feel drained.
The ball python bites you but does no damage.
The ball python grabs you. The ball python constricts you.
The orc priest splashes around in the water.
Your unstable footing causes you to fumble your attack.
The orc wizard hits you with a +2 dagger of draining.
You feel drained.
The ball python bites you but does no damage.
The ball python constricts you.
The orc priest calls down the wrath of Beogh upon you.
Pain shoots through your body!
* * * LOW HITPOINT WARNING * * *
The orc closely misses you.
The orc wizard gestures at you while chanting.
The magic dart hits you but does no damage.
The orc wizard splashes around in the water.
You escape the ball python's grasp.
The orc priest calls down the wrath of Beogh upon you.
Beogh smites you!
You die...

.# #.#
*,*,,,,,,,,,**,*,***,* .#
#.# *,#*,*,***.#**,*,,,,,*
.###.####.##,#.**#.#
*.#******
.........)##.#.##..###.#**
######.#####.#..=.......,*
#.# #.....#...#....,* #.#
#.#...≈≈≈≈≈....,* #.#
#.#.#≈≈≈≈§≈≈#/.,* #.#
#....≈≈@w≈≈≈...,* #.#
#...^Sooo§§≈...** #.#
#.#..≈≈oZ≈≈≈≈..* #.#
#.#.#≈≈≈≈≈≈≈#..* #.#
#.#...≈≈≈≈≈....* #.#
#.##..#..≈#..#.*
#.###.###.......##,*
#................,,********
#####.#######.###.,,,,,,,,*


You could see a worm, an orc priest, 2 orc wizards, an orc, a centaur zombie and
a ball python.

Vanquished Creatures
  A shadow imp (D:5)
1 creature vanquished.

Notes
Turn   | Place    | Note
-------+----------+-------------------------------------------
     0 | D:5      | Reached skill level 9 in Stealth
     0 | D:5      | Amon the Gnoll Delver began the quest for the Orb.
     0 | D:5      | Reached XP level 1. HP: 23/23 MP: 1/1
    65 | D:5      | Reached XP level 2. HP: 25/29 MP: 2/2
    67 | D:5      | Got a scintillating ruby amulet
    73 | D:5      | Identified the amulet "Qaomurahu" {Reflect rF- MR- SH+5
                  | SInv Stlth+} (You found it on level 5 of the Dungeon)
    82 | D:5      | Found a glowing drain.
    92 | D:5      | Killed from afar by an orc priest

Illustrated notes

Levels and vault maps discovered:
D:5:      layout_loops_ring, cheibrodos_sewer_entry_drain, serial_shops,
          shop_fountains

Skill      XL: | |
---------------+-+-----
Stealth        | |  9.5
Fighting       | |  6.4
Short Blades   | |  0.2
Long Blades    | |  4.4
Axes           | |  0.2
Maces & Flails | |  0.2
Polearms       | |  0.2
Staves         | |  0.2
Slings         | |  0.2
Bows           | |  0.2
Crossbows      | |  0.2
Throwing       | |  0.2
Armour         | |  0.2
Dodging        | |  4.4
Shields        | |  0.2
Unarmed Combat | |  0.2
Spellcasting   | |  0.2
Conjurations   | |  0.1
Hexes          | |  0.1
Summonings     | |  0.1
Necromancy     | |  0.1
Translocations | |  0.1
Transmutations | |  0.1
Fire Magic     | |  0.1
Ice Magic      | |  0.1
Air Magic      | |  0.1
Earth Magic    | |  0.1
Poison Magic   | |  0.1
Invocations    | |  0.3
Evocations     | |  0.2

Action                   || total
-------------------------++-------
Melee: Falchion          ||     7
       Bite              ||     1
  Use: Scroll            ||     1
 Stab: Sleeping          ||     1
Armor: Ring mail         ||     6
Dodge: Dodged            ||    11
Block: Other             ||     3

Table legend: (Time is in decaauts)
 A = Elapsed time spent in this place.
 B = Non-inter-level travel time spent in this place.
 C = Inter-level travel time spent in this place.
 D = Time resting spent in this place.
 E = Time spent auto-exploring this place.
 F = Levels seen in this place.
 G = Mean time per level.
                   A        B        C        D        E       F      G
               +--------+--------+--------+--------+--------+-----+--------+
         Total |     94 |     94 |      0 |      0 |      0 |   1 |   94.0 |
       Dungeon |     94 |     94 |      0 |      0 |      0 |   1 |   94.0 |
               +--------+--------+--------+--------+--------+-----+--------+

Top non-repeatable levels by time:
     D:5: 94 daAuts
